 Dungeon Crawl Stone Soup version 0.27-a0-901-g8736458e1e (webtiles) character file.

Game seed: 2599187574410789763

1013 DwarfAlpaca the Magician (level 8, -1/52 HPs)
             Began as a Djinni Hedge Wizard on Apr 6, 2021.
             Was a Believer of Qazlal.
             Slain by a water moccasin zombie (8 damage)
             ... on level 5 of the Dungeon.
             The game lasted 00:29:29 (7019 turns).

DwarfAlpaca the Magician (Djinni Hedge Wizard)      Turns: 7019, Time: 00:29:29

Health: -1/52      AC:  2    Str:  9    XL:     8   Next: 21%
Gold:   162        EV: 12    Int: 17    God:    Qazlal [**....] SH:  2 Dex: 14

rFire    + + .     SeeInvis .   m - +4 short sword
rCold    x . .     Faith    .   (no shield)
rNeg     . . .     Spirit   .   b - +0 robe
rPois    ∞         Reflect  .   c - +0 hat
rElec    .         Harm     .   (no cloak)
rCorr    .         Rampage  .   (no gloves)
Will     .....                  (boots unavailable)
Stlth    ++........             g - amulet of the acrobat
HPRegen  0.17/turn              (no ring)
MPRegen  0.00/turn              (no ring)

@: flying
A: fire resistance 2, cold vulnerability 1, float, innate caster, hp casting,
extra vitality 1
a: Renounce Religion, Upheaval


You were on level 5 of the Dungeon.
You worshipped Qazlal.
Qazlal was pleased with you.
You visited 1 branch of the dungeon, and saw 6 of its levels.

You collected 162 gold pieces.

Inventory:

Hand Weapons
 m - a +4 short sword (weapon)
Armour
 b - a +0 robe (worn)
 c - a +0 hat (worn)
Jewellery
 g - an amulet of the acrobat (around neck)
Scrolls
 e - a scroll of holy word
 h - a scroll of immolation
 k - a scroll of enchant armour
Potions
 a - a potion of heal wounds
 d - a potion of mutation {unknown}
 f - 3 potions of curing


   Skills:
 + Level 1.4 Fighting
 + Level 2.5 Short Blades
 - Level 2.1 Dodging
 - Level 1.5 Stealth
 + Level 0.4 Shields
 + Level 7.6 Spellcasting


You had 3 spell levels left.
You knew the following spells:

 Your Spells              Type           Power      Damage    Failure   Level
a - Magic Dart            Conj           100%       1d8       1%          1
b - Blink                 Tloc           N/A        N/A       1%          2
c - Call Imp              Summ           32%        N/A       1%          2
d - Slow                  Hex            32%        N/A       1%          2
e - Conjure Flame         Conj/Fire      32%        6-21      1%          3
f - Mephitic Cloud        Conj/Pois/Air  32%        N/A       1%          3
g - Apportation           Tloc           64%        N/A       1%          1
h - Swiftness             Air            32%        N/A       1%          2
i - Confusing Touch       Hex            32%        N/A       1%          3
Your spell library was empty.

Dungeon Overview and Level Annotations

Branches:
Dungeon (6/15)
 Temple: D:4-7

Altars:
Cheibriados
Qazlal

Annotations:
D:4 Edmund; Menkaure
D:5 1 runed translucent door, poo4u's ghost, novice OpCj


Innate Abilities, Weirdness & Mutations

You are immune to poison.
Your flesh is very heat resistant. (rF++)
You are vulnerable to cold. (rC-)
You float through the air rather than walking.
You learn spells naturally, not from books.
Your magical power is your life essence.
You have superior vitality. (+4 HP)


Message History

Menkaure casts a spell.
Menkaure seems to speed up.
Found a stone staircase leading down.
Menkaure calls on the powers of darkness!
The hobgoblin convulses!
Your body is wracked with pain!
* * * LOW HITPOINT WARNING * * *
Found 5 gold pieces and a ring mail.
A worm comes into view.
You block the kobold's attack.
There is a stone staircase leading down here.
Menkaure hums a few words.
The kobold closely misses you.
You fly downwards.
Level annotation: 1 runed translucent door, poo4u's ghost, novice OpCj
There is a stone staircase leading up here.
Casting: Call Imp (safe; 1% risk of failure)
Confirm with . or Enter, or press ? or * to list all spells.
Aiming: Magic Dart (safe; 1% risk of failure)
Press: ? - help, Shift-Dir - straight line, f - kobold
Aim: a kobold, wielding a +0 short sword (0% to evade)
The magic dart hits the kobold but does no damage.
* * * LOW HITPOINT WARNING * * *
The kobold hits you with a +0 short sword.
* * * LOW HITPOINT WARNING * * *
Casting: Magic Dart (safe; 1% risk of failure)
Confirm with . or Enter, or press ? or * to list all spells.
Aiming: Magic Dart (safe; 1% risk of failure)
Press: ? - help, Shift-Dir - straight line, f/p - kobold
Aim: a kobold, wielding a +0 short sword (0% to evade)
The magic dart hits the kobold.
You kill the kobold!
Qazlal accepts your kill.
* * * LOW HITPOINT WARNING * * *
You start resting.
A water moccasin zombie is nearby!
You puncture the water moccasin zombie!
The water moccasin zombie is moderately damaged.
The water moccasin zombie is engulfed in blazing flames.
The water moccasin zombie bites you!
You die...

#........)...#...##...#####
#............'.......{.#
#............#.......<.#
#............#.........#
#....).......#'####...##
#####'###.........#####
..>. #.........#
.......#..Z......#
.........#.@.).....#
##.....###.........#
#.....#..<....#####
......#.).....# #.......#
#.......# #.......#
#.......# #.......#


You could see a water moccasin zombie.

Vanquished Creatures
  3 black bears
  An ogre (D:3)
  A centaur (D:6)
  A kobold brigand (D:6)
  A water moccasin zombie (D:5)
  A hound (D:6)
  A jelly (D:5)
  A centaur skeleton (D:6)
  2 orc priests
  An iguana (D:6)
  An orc wizard (D:4)
  9 adders
  2 gnolls
  A worm (D:2)
  3 dart slugs
  14 orcs
  4 bats
  7 endoplasms
  3 giant cockroaches
  7 hobgoblins
  22 jackals
  A quokka (D:1)
  5 ball pythons
  2 frilled lizards
  6 goblins
  14 kobolds
  2 rats
116 creatures vanquished.

Vanquished Creatures (collateral kills)
  A jelly (D:6)
  An adder (D:2)
2 creatures vanquished.

Grand Total: 118 creatures vanquished

Notes
Turn   | Place    | Note
-------+----------+-------------------------------------------
     0 | D:1      | DwarfAlpaca the Djinni Hedge Wizard began the quest for the
                  | Orb.
     0 | D:1      | Reached XP level 1. HP: 15/15 MP: 0/0
   216 | D:1      | Reached skill level 3 in Spellcasting
   368 | D:1      | Reached XP level 2. HP: 18/21 MP: 0/0
   964 | D:2      | Noticed a black bear
  1051 | D:2      | Reached XP level 3. HP: 22/25 MP: 0/0
  1051 | D:2      | Learned a level 1 spell: Apportation
  1728 | D:2      | Found a faded altar of an unknown god.
  2049 | D:2      | Reached skill level 4 in Spellcasting
  2219 | D:2      | Found a stormy altar of Qazlal.
  2241 | D:2      | Became a worshipper of Qazlal Stormbringer
  2867 | D:2      | Killed a black bear
  2868 | D:2      | Reached XP level 4. HP: 13/31 MP: 0/0
  2868 | D:2      | Reached XP level 5. HP: 15/35 MP: 0/0
  2868 | D:2      | Learned a level 2 spell: Swiftness
  3128 | D:3      | Reached skill level 5 in Spellcasting
  3364 | D:3      | Noticed an ogre
  3379 | D:3      | Killed an ogre
  3380 | D:3      | Reached XP level 6. HP: 29/40 MP: 0/0
  5040 | D:4      | Reached * piety under Qazlal
  5224 | D:4      | Noticed a black bear
  5257 | D:4      | Killed a black bear
  5258 | D:4      | Reached skill level 6 in Spellcasting
  5445 | D:4      | Reached skill level 1 in Short Blades
  5445 | D:4      | Reached XP level 7. HP: 27/46 MP: 0/0
  5445 | D:4      | Learned a level 3 spell: Confusing Touch
  5540 | D:4      | Noticed Edmund
  5621 | D:5      | Entered Level 5 of the Dungeon
  6116 | D:6      | Reached skill level 1 in Fighting
  6116 | D:6      | Reached skill level 7 in Spellcasting
  6356 | D:6      | Found a snail-covered altar of Cheibriados.
  6495 | D:6      | Reached XP level 8. HP: 38/52 MP: 0/0
  6833 | D:5      | Found a runed translucent door.
  6840 | D:5      | Noticed poo4u's ghost (novice OpCj)
  6915 | D:4      | Noticed Menkaure
  6949 | D:4      | Reached ** piety under Qazlal
  7019 | D:5      | Slain by a water moccasin zombie

Illustrated notes

Levels and vault maps discovered:
D:1:      dpeg_arrival_rooms_c, layout_rooms, grunt_decor_mini_mirrors
D:2:      layout_loops_ring, basic_ecumenical_altar, basic_altar
D:3:      layout_basic, kennysheep_another_room
D:4:      lemuel_castle_with_subvaults [lemuel_castle_interior_carwin_2],
          layout_cave_pods, uniq_edmund, uniq_menkaure
D:5:      layout_gridville, nicolae_ossuary_entry_plus, ebering_ghost_sewer_d,
          chequers_garden
D:6:      layout_basic, nicolae_overflow_crystal_walls, kennysheep_little_box

Skill      XL: |  1  2  3  4  5  6  7 |
---------------+----------------------+-----
Spellcasting   | 3 4 5 6 7 |  7.6
Short Blades   | 1 2 |  2.5
Fighting       | 1 |  1.4
Dodging        | |  2.1
Stealth        | |  1.5
Shields        | |  0.4

Action                   |  1- 3 |  4- 6 |  7- 9 || total
-------------------------+-------+-------+-------++-------
Melee: Dagger            |    11 |     1 |       ||    12
       Short sword       |       |    18 |    49 ||    67
 Cast: Magic Dart        |   108 |   103 |    50 ||   261
       Call Imp          |     1 |       |     3 ||     4
       Blink             |     3 |       |     1 ||     4
       Conjure Flame     |     2 |     1 |     5 ||     8
       Mephitic Cloud    |       |     1 |     7 ||     8
  Use: Scroll            |       |       |     6 ||     6
       Potion            |       |       |     2 ||     2
 Stab: Sleeping          |       |     1 |       ||     1
       Confused          |       |       |     4 ||     4
Armor: Robe              |     9 |     6 |     8 ||    23
Dodge: Dodged            |    29 |    26 |    76 ||   131
Block: Other             |       |       |    12 ||    12

Table legend: (Time is in decaauts)
 A = Elapsed time spent in this place.
 B = Non-inter-level travel time spent in this place.
 C = Inter-level travel time spent in this place.
 D = Time resting spent in this place.
 E = Time spent auto-exploring this place.
 F = Levels seen in this place.
 G = Mean time per level.
                   A        B        C        D        E       F      G
               +--------+--------+--------+--------+--------+-----+--------+
         Total |   7034 |   6887 |    147 |   1120 |   3907 |   6 | 1172.3 |
       Dungeon |   7034 |   6887 |    147 |   1120 |   3907 |   6 | 1172.3 |
               +--------+--------+--------+--------+--------+-----+--------+

Top non-repeatable levels by time:
     D:3: 2034 daAuts
     D:2: 1962 daAuts
     D:6: 1087 daAuts
     D:1: 999 daAuts
     D:4: 729 daAuts
     D:5: 221 daAuts
